 Dungeon Crawl Stone Soup version 0.31-a0-75-g6fe912e8c5 (webtiles) character file.

Game seed: 16997783786101600352

6 lunkers the Chiller (level 2, 0/24 HPs)
             Began as a Meteoran Wanderer on May 23, 2023.
             Slain by a jackal (2 damage)
             ... on level 1 of the Dungeon.
             The game lasted 00:00:33 (85 turns).

lunkers the Chiller (Meteoran Wanderer)               Turns: 85, Time: 00:00:34

Health: 0/24       AC:  2    Str: 13    XL:     2   Next: 11%
Magic:  0/5        EV: 11    Int: 14    God:
Gold:   10         SH:  0    Dex: 12    Spells: 3/4 levels left

rFire   . . .        a - +0 club
rCold   . . .        (no shield)
rNeg    . . .        d - +0 robe
rPois   .            (no helmet)
rElec   .            (no cloak)
rCorr   .            (no gloves)
SInv    .            (no boots)
Will    .....        (no amulet)
Stlth   +            (no ring)
HPRegen 0.24/turn    (no ring)
MPRegen 0.09/turn

%: no passive effects
@: glowing
A: sense surroundings 1, otherworldly, glowing, explore regen
a: no special abilities


You were on level 1 of the Dungeon.
You visited 1 branch of the dungeon, and saw 1 of its levels.

You collected 10 gold pieces.

Inventory:

Hand Weapons
 a - a +0 club (weapon)
Armour
 d - a +0 robe (worn)
Scrolls
 c - a scroll of blinking
 f - a scroll of fear {unknown}
Potions
 b - a potion of curing
 e - a potion of attraction


   Skills:
 - Level 2.1 Fighting
 - Level 1.2 Armour
 - Level 1.2 Dodging
 - Level 1.2 Unarmed Combat
 + Level 1.7 Spellcasting
 * Level 3.6 Ice Magic
 - Level 1.2 Evocations


You had 3 spell levels left.
You knew the following spells:

 Your Spells              Type           Power      Damage    Failure   Level
p - Freeze                Ice            44%        1d6       5%          1

Your spell library contained the following spells:

 Spells                   Type           Power      Damage    Failure   Level
 Frozen Ramparts          Ice            22%        1d4       16%         3
 Ozocubu's Armour         Ice            11%        N/A       16%         3


Dungeon Overview and Level Annotations

Branches:
Dungeon (1/15) Zot: 505

Altars:


Innate Abilities, Weirdness & Mutations

You passively map a small area around you.
You are easily found by Zot.
You glow in the dark.
You regain HP and MP as you explore.


Message History

Aim: a kobold, wielding a +0 club You freeze the kobold.
The kobold is heavily wounded.
The kobold hits you with a +0 club.
* * * LOW HITPOINT WARNING * * *
Casting: Freeze (safe; 6% risk of failure)
Confirm with . or Enter, or press ? or * to list all spells.
Aiming: Freeze (safe; 6% risk of failure)
Press: ? - help, Shift-Dir - straight line, f/p - kobold
Aim: a kobold, wielding a +0 club (heavily wounded)
You freeze the kobold.
You kill the kobold!
Casting: Freeze (safe; 6% risk of failure)
Confirm with . or Enter, or press ? or * to list all spells.
Aiming: Freeze (safe; 6% risk of failure)
Press: ? - help, Shift-Dir - straight line, f - kobold
Aim: a kobold, wielding a +0 short sword and quivering stones You freeze the kobold.
You kill the kobold!
* * * LOW MAGIC WARNING * * *
You have reached level 2!
You hit the jackal but do no damage. The jackal barely misses you.
The jackal bites you but does no damage.
You closely miss the jackal. The jackal bites you.
* * * LOW HITPOINT WARNING * * *
You hit the jackal.
You kill the jackal!
The jackal bites you.
* * * LOW HITPOINT WARNING * * *
You barely miss the jackal. The jackal bites you.
* * * LOW HITPOINT WARNING * * *
The jackal misses you.
You hit the jackal.
The jackal is lightly wounded.
The jackal bites you.
* * * LOW HITPOINT WARNING * * *
You hit the jackal.
The jackal is heavily wounded.
The jackal barely misses you. The jackal bites you.
You die...

* * #.#.#..#######... *
* #.#........†..... **
# * #.#.#..#######... *
##.####..###.## #.... ,
* ........##
##.#####.... *
##.......###...........
#####,
######.#.#..#######...
......#######.##....#
#...
#........Sh@.##.##.#
####
,..........######.##.#
##.######.# #.##.# #.#
#.##.# #.# #.##.# , #.#
#.##.# *, , ,, #.#
#.##.# * #.# #.##.. * ,


You could see a jackal and a ball python.

Vanquished Creatures
  A hobgoblin (D:1)
  A jackal (D:1)
  2 kobolds (D:1)
  A ball python (D:1)
5 creatures vanquished.

Notes
Turn   | Place    | Note
-------+----------+-------------------------------------------
     0 | D:1      | lunkers the Meteoran Wanderer began the quest for the Orb.
     0 | D:1      | lunkers set off with the following items: a +0 club, a
                  | potion of curing, a scroll of blinking, a +0 robe, a potion
                  | of attraction; and the following spell memorised: Freeze;
                  | and the following spells available to memorise: Frozen
                  | Ramparts, Ozocubu's Armour.
     0 | D:1      | Reached XP level 1. HP: 17/17 MP: 3/3
    80 | D:1      | Reached XP level 2. HP: 7/24 MP: 0/5
    85 | D:1      | Slain by a jackal

Illustrated notes

Levels and vault maps discovered:
D:1:      lemuel_arrival_river_ford, layout_loops_ring, serial_shops,
          nicolae_shop_crystal

Action                     || total
---------------------------++-------
  Melee: Club              ||    21
   Cast: Freeze            ||     3
 Armour: Robe              ||     6
  Dodge: Dodged            ||    12

Table legend: (Time is in decaauts)
 A = Elapsed time spent in this place.
 B = Non-inter-level travel time spent in this place.
 C = Inter-level travel time spent in this place.
 D = Time resting spent in this place.
 E = Time spent auto-exploring this place.
 F = Levels seen in this place.
 G = Mean time per level.
                   A        B        C        D        E       F      G
               +--------+--------+--------+--------+--------+-----+--------+
         Total |     92 |     92 |      0 |      0 |     46 |   1 |   92.0 |
       Dungeon |     92 |     92 |      0 |      0 |     46 |   1 |   92.0 |
               +--------+--------+--------+--------+--------+-----+--------+

Top non-repeatable levels by time:
     D:1: 92 daAuts
